 Dungeon Crawl Stone Soup version 0.19.1-1-g22dce08 (webtiles) character file.

84 theAP the Grave Robber (level 4, -1/31 HPs)
             Began as a Demonspawn Necromancer on Dec 30, 2016.
             Slain by Crazy Yiuf
             ... wielding a +2 quarterstaff of chaos
              (6 damage)
             ... on level 2 of the Dungeon.
             The game lasted 00:11:17 (1670 turns).

theAP the Grave Robber (Demonspawn Necromancer)     Turns: 1670, Time: 00:11:18

Health: -1/31      AC:  7    Str:  8    XL:     4   Next: 23%
Magic:  8/8        EV: 10    Int: 17    God:
Gold:   125        SH:  0    Dex: 14    Spells: 1 memorised, 8 levels left

rFire  + . .     SeeInvis .     e - +0 hand axe (elec)
rCold  . . .     Gourm    .     y - +1 scale mail {rF+}
rNeg   . . .     Faith    .     (no shield)
rPois  .         Spirit   .     (helmet restricted)
rElec  .         Reflect  .     (no cloak)
rCorr  .         Harm     .     (no gloves)
MR     .....                    (no boots)
Stlth  +.........               v - amulet of magic regeneration (curse)
                                (no ring)
                                d - +2 ring of evasion

@: flying, very slightly contaminated, invisible
A: antennae 1, hooves 1, powered by pain 1
a: no special abilities


You were on level 2 of the Dungeon.
You were not hungry.

You visited 1 branch of the dungeon, and saw 2 of its levels.

You collected 125 gold pieces.

Inventory:

Hand Weapons
 e - a +0 hand axe of electrocution (weapon)
 g - a +0 whip
Armour
 a - a +0 robe
 y - a +1 scale mail of fire resistance (worn)
Jewellery
 d - a +2 ring of evasion (left hand)
 v - a cursed amulet of magic regeneration (around neck)
Wands
 o - a wand of polymorph (11/24)
 x - a wand of random effects (8/48)
Scrolls
 f - a scroll of immolation {unknown}
 h - a scroll of recharging
 i - a scroll of enchant armour
 m - a scroll of amnesia
 n - a scroll of fear
 p - a scroll of fog
 t - a scroll of teleportation {unknown}
Potions
 k - a potion of lignification {unknown}
 l - a potion of might {unknown}
 q - a potion of agility {unknown}
 r - a potion of invisibility
 w - a potion of curing {unknown}
Books
 b - a book of Necromancy

   Spells                             Type                      Level
   a - Pain                           Necromancy                   1
   b - Animate Skeleton               Necromancy                   1
   c - Vampiric Draining              Necromancy                   3
   d - Regeneration                   Charms/Necromancy            3
   e - Animate Dead                   Necromancy                   4
   f - Control Undead                 Necromancy                   4
 s - a book of Cantrips

   Spells                             Type                      Level
   a - Confusing Touch                Hexes                        1
   b - Animate Skeleton               Necromancy                   1
   c - Summon Small Mammal            Summoning                    1
   d - Apportation                    Translocation                1
Comestibles
 c - 2 bread rations
 j - 2 beef jerkies


   Skills:
 + Level 0.4 Fighting
 * Level 0.1 Axes
 + Level 2.0 Dodging
 + Level 1.9 Stealth
 * Level 3.1 Spellcasting
 * Level 5.2 Necromancy


You had 8 spell levels left.
You knew the following spells:

 Your Spells              Type           Power        Failure   Level  Hunger
a - Pain                  Necr           ###.         21%         1    None


Dungeon Overview and Level Annotations

Branches:
Dungeon (2/15)

Altars:
Gozag

Annotations:
D:2 Crazy Yiuf


Innate Abilities, Weirdness & Mutations

You have a pair of small antennae on your head.
You have large cloven feet.
You sometimes gain a little power by taking damage.


Message History

Aim: Crazy Yiuf, wielding a quarterstaff of chaos and wearing a cloak (chance to defeat MR: 85%)
You miscast Pain.
Strange energies run through your body.
Casting: Pain
Confirm with . or Enter, or press ? or * to list all spells.
Aiming: Pain
Press: ? - help, Shift-Dir - straight line, f/p - Crazy Yiuf
Aim: Crazy Yiuf, wielding a quarterstaff of chaos and wearing a cloak (chance to defeat MR: 85%)
You miscast Pain.
Your bones ache.
Crazy Yiuf drinks a potion.
Crazy Yiuf flickers and vanishes!
Deactivating autopickup; reactivate with Ctrl-A.
You closely miss something. Something hits you.
You fade into invisibility!
You hit something.
There is a sudden explosion of sparks!
Something hits you!
You are electrocuted!
* * * LOW HITPOINT WARNING * * *
You focus on the pain.
You feel your power returning.
It was a potion of flight.
You feel very buoyant.
You fly up into the air.
Something hits you.
You die...

#...... #.##.## #.##.#
#.##.# #.##.# ♣♣♣♣♣##
#.##.# ###
♣♣♣)♣)..###.##.##
#)))#♣))♣).....#.#...#
#.)){@♣♣♣♣......).....
#)))#♣♣ ♣♣..#...#...#
### ♣♣####.##### ##..#
# #.#.## # ####.# #
#.#.## ## ##..# ##.
#..# #..


There were no monsters in sight!

Vanquished Creatures
  Ijyb (D:2)
  An adder (D:2)
  An ooze (D:2)
  A worm (D:2)
  2 leopard geckos
  A ball python (D:2)
  4 giant cockroaches
  5 goblins
  4 hobgoblins
  4 bats
  6 frilled lizards
  7 kobolds
  5 rats
42 creatures vanquished.

Notes
Turn   | Place    | Note
-------+----------+-------------------------------------------
     0 | D:1      | theAP the Demonspawn Necromancer began the quest for the Orb.
     0 | D:1      | Reached XP level 1. HP: 13/13 MP: 3/3
   239 | D:1      | Gained mutation: You have a pair of small antennae on your head. [demonic ancestry]
   239 | D:1      | Reached XP level 2. HP: 9/19 MP: 3/5
   739 | D:1      | Reached skill level 5 in Necromancy
   885 | D:2      | Gained mutation: You sometimes gain a little power by taking damage. [demonic ancestry]
   885 | D:2      | Reached XP level 3. HP: 18/24 MP: 1/6
   889 | D:2      | Noticed Ijyb
   921 | D:2      | Killed Ijyb
   990 | D:2      | Found an opulent altar of Gozag.
  1074 | D:2      | Gained mutation: You have large cloven feet. [demonic ancestry]
  1074 | D:2      | Reached XP level 4. HP: 20/30 MP: 6/8
  1334 | D:2      | Found a runed door.
  1664 | D:2      | Noticed Crazy Yiuf
  1670 | D:2      | Slain by Crazy Yiuf

Skill      XL: |  1  2  3  4 |
---------------+-------------+-----
Necromancy     | 5 |  5.2
Dodging        | 2 |  2.0
Spellcasting   | 3 |  3.1
Fighting       | |  0.4
Axes           | |  0.1
Stealth        | |  1.9

Action                   |  1- 3 |  4- 6 || total
-------------------------+-------+-------++-------
Melee: Hand axe          |    31 |    15 ||    46
       Kick              |       |     5 ||     5
 Cast: Pain              |    40 |    20 ||    60
  Use: Scroll            |       |     6 ||     6
       Potion            |       |     1 ||     1
  Eat: Chunk             |     1 |     2 ||     3
Armor: Robe              |     7 |     2 ||     9
       Plate armour      |       |     8 ||     8
       Scale mail        |       |     1 ||     1
Dodge: Dodged            |    31 |     2 ||    33
